 Dungeon Crawl Stone Soup version 0.31-a0-1001-g770356a28f (webtiles) character file.

Game seed: 10613277052793032813

711 Colgate the Ruffian (level 7, 0/65 HPs)
             Began as a Troll Shapeshifter on Nov 7, 2023.
             Was an Initiate of Ashenzari.
             Slain by an orc
             ... wielding a +0 hand axe
              (5 damage)
             ... on level 4 of the Dungeon on Nov 8, 2023.
             The game lasted 00:11:02 (3459 turns).

Colgate the Ruffian (Troll Shapeshifter)            Turns: 3459, Time: 00:11:02

Health: 0/65       AC:  4    Str: 25    XL:     7   Next: 40%
Magic:  6/6        EV:  9    Int:  6    God:    Ashenzari [......]
Gold:   157        SH:  0    Dex:  9    Spells: 6/6 levels left

rFire   . .          .
                       - Unarmed
rCold   . . .        (no shield)
rNeg    . . .        a - +0 animal skin of the Unyielding Gaze {Self, Elem} (curse)
rPois   .            (helmet currently unavailable)
rElec   .            (cloak currently unavailable)
rCorr   .            (gloves unavailable)
SInv    .            (boots unavailable)
Will    .....        (no amulet)
Stlth   +            (no ring)
HPRegen 1.10/turn    (no ring)
MPRegen 0.10/turn

%: no passive effects
@: beast-form, marked
A: beast (slay +3), large, unfitting armour, claws 3, regeneration 1, shaggy fur
1, tough skin 1
a: Begin Untransformation, Renounce Religion, Shatter the Chains


You were on level 4 of the Dungeon.
You worshipped Ashenzari.
Ashenzari was noncommittal.
You were a hulking beast.
You visited 2 branches of the dungeon, and saw 5 of its levels.

You collected 157 gold pieces.

Inventory:

Armour
 a - the cursed +0 animal skin of the Unyielding Gaze (worn) {Self, Elem}

   It has a curse which improves the following skills: Introspection: Fighting
   and Spellcasting.
   Elements:  Fire Magic, Ice Magic, Air Magic and Earth Magic.
Talismans
 c - a beast talisman
 d - a flux talisman
Wands
 p - a wand of mindburst (15)
Scrolls
 f - a scroll of enchant armour {unknown}
 i - 2 scrolls of teleportation {unknown}
 j - a scroll of torment {unknown}
 k - a scroll of blinking {unknown}
 m - a scroll of fear {unknown}
 n - a scroll of identify {unknown}
 o - a scroll of summoning {unknown}
Potions
 b - 3 potions of lignification
 e - 3 potions of heal wounds {unknown}
 g - 2 potions of curing {unknown}
 h - a potion of might {unknown}
 l - 3 potions of enlightenment {unknown}


   Skills:
 - Level 1.9(2.2) Fighting
 - Level 1.5 Dodging
 - Level 6.8 Unarmed Combat
 + Level 5.4 Shapeshifting


You had 6 spell levels left.
You didn't know any spells.
Your spell library contained the following spells:

 Spells                   Type           Power      Damage    Failure   Level
 Cigotuvi's Dreadful Rot  Necr/Pois/Air  0%         N/A       58%         2
 Dispel Undead            Necr           0%         3d6       99%         4
 Death Channel            Necr           0%         N/A       100%        6


Dungeon Overview and Level Annotations

Branches:
Dungeon (4/15)             Temple (1/1) D:4

Altars:
Ashenzari
Dithmenos
Elyvilon
Fedhas
Gozag
Hepliaklqana
Makhleb
Okawaru
Ru
Trog
Uskayaw
Xom
Yredelemnul
Zin

Shops:
D:2 *


Innate Abilities, Weirdness & Mutations

You are a hulking beast.
Your limbs bulge with bestial killing power. (Slay +3)
You are too large for most types of armour.
You have claws for hands.
Your natural rate of healing is unusually fast.
You are covered in fur. (AC +1)
You have tough skin. (AC +1)


Message History

You kill the gnoll!
The gnoll hits you from afar with a +0 spear.
* * * LOW HITPOINT WARNING * * *
An orc comes into view. It is wielding a +0 falchion.
The orc hits you with a +0 club.
* * * LOW HITPOINT WARNING * * *
You mangle the orc!!
You kill the orc!
The gnoll hits you from afar with a +0 spear.
* * * LOW HITPOINT WARNING * * *
You claw the gnoll!
You kill the gnoll!
A gnoll sergeant comes into view.
It is wielding a +2 trident of protection.
You claw the gnoll!
You kill the gnoll!
You claw the orc!
You kill the orc!
A gnoll comes into view. It is wielding a +0 club.
The gnoll sergeant hits you from afar with a +2 trident of protection!
* * * LOW HITPOINT WARNING * * *
Items here: $ )) [.
The orc attacks as it pursues you! The orc misses you.
The orc attacks as it pursues you! The orc barely misses you.
You barely miss the orc. The orc barely misses you.
The orc attacks as it pursues you! The orc hits you with a +0 hand axe.
* * * LOW HITPOINT WARNING * * *
You mangle the orc!!
You kill the orc!
The orc hits you with a +0 hand axe.
* * * LOW HITPOINT WARNING * * *
There is an open door here.
Things that are here:
a +0 club; an orc corpse The orc attacks as it pursues you!
The orc hits you with a +0 hand axe.
* * * LOW HITPOINT WARNING * * *
There is a huge open gate here.
The orc attacks as it pursues you! The orc hits you with a +0 hand axe.
* * * LOW HITPOINT WARNING * * *
The orc attacks as it pursues you! The orc hits you with a +0 hand axe.
You die...

# #)############### #
#oo..gg.o....'... #..
#.).g..g#g...#.. .. #'#
#......)#g...# #'
gg#############'g''#############.
oo#............................#.
###~~~~~≈≈~≈~~~....~~~~~~~≈~~~~##
≈≈≈≈≈≈≈≈≈≈≈≈≈≈~.o..~≈≈~≈~≈≈≈≈≈≈≈≈
~~~≈~≈~~~~~~≈~~.h..~)~~~~~~~~~~~≈
.....................)...)..)....
###..........####.^######.#####.#
....##.##.##.## ##.# #.##.....
###.#.........####.# #.##.##.#
#....[..........#.### #.##.##.#
#..#..⌠...⌠..##...[.####........
#..#.....÷...##..##.........#.##
#.......>......(.#########.#.#..


You could see a gnoll sergeant, 2 gnolls and 2 orcs.

Vanquished Creatures
  Grinder (D:3)
  3 howler monkeys (D:4)
  A hound (D:4)
  2 gnoll boudas (D:4)
  Jessica (D:2)
  Terence (D:3)
  Robin (D:3)
  8 gnolls
  3 adders
  A worm (D:2)
  3 dart slugs
  10 orcs
  5 ball pythons
  6 bats
  8 endoplasms
  17 goblins
  12 hobgoblins
  11 jackals
  2 quokkas
  A frilled lizard (D:1)
  8 kobolds
105 creatures vanquished.

Notes
Turn   | Place    | Note
-------+----------+-------------------------------------------
     0 | D:1      | Colgate the Troll Shapeshifter began the quest for the Orb.
     0 | D:1      | Reached XP level 1. HP: 18/18 MP: 0/0
    94 | D:1      | Reached XP level 2. HP: 26/26 MP: 1/1
   789 | D:1      | Reached skill level 4 in Unarmed Combat
  1192 | D:1      | Reached XP level 3. HP: 32/32 MP: 2/2
  1487 | D:2      | Noticed Jessica
  1498 | D:2      | Killed Jessica
  1499 | D:2      | Reached skill level 5 in Unarmed Combat
  1499 | D:2      | Reached XP level 4. HP: 36/40 MP: 3/3
  1536 | D:2      | Found Uttopip's General Store.
  1895 | D:2      | Reached skill level 1 in Fighting
  2068 | D:3      | You fall into a shaft and drop 1 floor!
  2119 | D:3      | Found a broken altar of Ashenzari.
  2134 | D:3      | Became a worshipper of Ashenzari the Shackled
  2176 | D:3      | Noticed Robin
  2225 | D:3      | Killed Robin
  2288 | D:3      | Noticed Grinder
  2298 | D:3      | Paralysed by Grinder for 4 turns
  2308 | D:3      | Paralysed by Grinder for 2 turns
  2313 | D:3      | Killed Grinder
  2314 | D:3      | Reached skill level 6 in Unarmed Combat
  2314 | D:3      | Reached XP level 5. HP: 33/49 MP: 4/4
  2314 | D:3      | Reached XP level 6. HP: 39/57 MP: 5/5
  2661 | D:3      | Noticed Terence
  2670 | D:3      | Killed Terence
  2787 | D:4      | Found a staircase to the Ecumenical Temple.
  2799 | Temple   | Entered the Ecumenical Temple
  2860 | D:4      | Found a shimmering altar of Xom.
  3294 | D:4      | Reached XP level 7. HP: 58/65 MP: 6/6
  3415 | D:4      | Reached skill level 5 in Shapeshifting
  3443 | D:4      | HP: 1/65 [gnoll sergeant/+2 trident of protection (8)]
  3459 | D:4      | Slain by an orc

Illustrated notes

Levels and vault maps discovered:
D:1:      co_arrival_square_in_a_square_in_a_square, layout_basic
D:2:      layout_loops_cross, serial_shops, nicolae_shop_tiny_real_fake_doors,
          hangedman_decor_riveting, minmay_misc_feat_more_columns, uniq_jessica
D:3:      layout_basic, ashenzari_altar_1, uniq_robin, uniq_terence,
          uniq_grinder
D:4:      lemuel_castle_with_subvaults [lemuel_castle_interior_carwin_3],
          layout_loops_cross, mainiacjoe_overflow_small_starburst,
          minmay_temple_entry_large_hall
Temple:   hellmonk_temple_forest_ring

Skill      XL: |  1  2  3  4  5  6  7 |
---------------+----------------------+-----
Unarmed Combat | 4 5 6 |  6.8
Fighting       | 1 |  1.9
Shapeshifting  | 4 5 |  5.4
Dodging        | |  1.5

Action                     |  1- 3 |  4- 6 |  7- 9 || total
---------------------------+-------+-------+-------++-------
  Melee: Unarmed           |    74 |   136 |    54 ||   264
         Punch             |     1 |     5 |     2 ||     8
 Invoke: Curse Item        |       |     1 |       ||     1
   Stab: Sleeping          |     1 |       |       ||     1
         Distracted        |       |     1 |       ||     1
 Armour: Animal skin       |    40 |    83 |    45 ||   168
  Dodge: Dodged            |    31 |    68 |    20 ||   119

Table legend: (Time is in decaauts)
 A = Elapsed time spent in this place.
 B = Non-inter-level travel time spent in this place.
 C = Inter-level travel time spent in this place.
 D = Time resting spent in this place.
 E = Time spent auto-exploring this place.
 F = Levels seen in this place.
 G = Mean time per level.
                   A        B        C        D        E       F      G
               +--------+--------+--------+--------+--------+-----+--------+
         Total |   3431 |   3247 |    184 |      0 |   2525 |   5 |  686.2 |
       Dungeon |   3416 |   3232 |    184 |      0 |   2516 |   4 |  854.0 |
        Temple |     15 |     15 |      0 |      0 |      9 |   1 |   15.0 |
               +--------+--------+--------+--------+--------+-----+--------+

Top non-repeatable levels by time:
     D:1: 1301 daAuts
     D:2: 724 daAuts
     D:3: 721 daAuts
     D:4: 669 daAuts
  Temple: 15 daAuts
